AoeStats
← Hackett Geert Kasch

Black Forest

509917580Analyzed
3v3 RM · 3d ago on Sep 28, 2026· 40m 9s· 6 players
Game mode
Random Map
Map size
Normal (6 player)
Population
200
Speed
Normal
Resources
Standard
Victory
Conquest
Starting age
Dark Age
Ending age
Imperial Age
RankedLock teamsTeams togetherTeam positionsShared explorationLock speedFull tech treeHidden civsTurbo modeCheats
Victory
Defeat
🇺🇸 Danes · United States
1101
+16
🇪🇸 Koreans · Spain
1089
+16
🇲🇽 Spanish · Mexico
1076
+17
1179
-20
🇨🇳 Persians · China
1064
-15
🇨🇳 Khitans · China
1029
-14
Acadia744
5:24 Loom
12:36 Feudal Age
17:16 Castle Age
17:25 Horse Collar
17:57 Forging
18:01 Double-Bit Axe
20:08 Iron Casting
21:28 Squires
21:15 Gambesons
21:52 Scale Mail Armor
23:16 Bow Saw
23:19 Arson
23:55 Town Watch
25:13 Wheelbarrow
34:04 Imperial Age
33:16 Hand Cart
33:04 Heavy Plow
33:22 Gold Mining
34:27 Bloodlines
34:07 Man-at-Arms
35:35 Elite Varangian Guard
36:54 Fishing Lines
38:10 Gillnets
39:28 Conscription
39:00 Long Swordsman
41:23 Blast Furnace
Hackett Geert Kasch
0:27 Loom
10:05 Feudal Age
11:21 Wheelbarrow
10:32 Double-Bit Axe
10:33 Horse Collar
14:55 Gold Mining
15:30 Stone Mining
22:18 Castle Age
20:51 Forging
20:47 Scale Barding Armor
20:53 Bloodlines
21:56 Fletching
23:10 Husbandry
24:01 Chain Barding Armor
26:38 Bow Saw
28:58 Hand Cart
30:05 Heavy Plow
30:12 Bodkin Arrow
32:16 Thumb Ring
33:35 Caravan
35:05 Iron Casting
39:43 Imperial Age
37:00 Town Watch
38:05 Pikeman
38:46 Squires
38:32 Arson
38:08 Elite Skirmisher
38:49 Padded Archer Armor
38:50 Scale Mail Armor
40:48 Conscription
39:56 Halberdier
40:57 Leather Archer Armor
40:57 Chain Mail Armor
40:43 Bracer
41:44 Blast Furnace
Romanido
0:33 Loom
12:41 Feudal Age
14:21 Double-Bit Axe
18:56 Castle Age
17:17 Horse Collar
17:28 Stone Mining
17:52 Gold Mining
22:03 Wheelbarrow
23:13 Caravan
24:48 Bow Saw
25:10 Heavy Plow
30:50 Imperial Age
30:00 Gold Shaft Mining
29:43 Scale Barding Armor
29:27 Pikeman
30:08 Scale Mail Armor
30:28 Husbandry
31:00 Hand Cart
30:31 Town Watch
32:10 Halberdier
33:39 Squires
33:55 Chain Mail Armor
34:34 Conscription
37:32 Chemistry
37:04 Plate Mail Armor
36:44 Forging
36:42 Fletching
39:19 Iron Casting
39:17 Elite War Wagon
darker
10:15 Feudal Age
16:09 Castle Age
14:01 Double-Bit Axe
18:55 Wheelbarrow
18:25 Horse Collar
24:59 Stone Mining
27:39 Stone Shaft Mining
26:55 Gold Mining
29:38 Scale Barding Armor
29:44 Forging
32:58 Gold Shaft Mining
35:57 Imperial Age
33:46 Hand Cart
34:17 Heavy Plow
35:40 Cavalier
38:21 Chain Barding Armor
38:36 Iron Casting
39:07 Chemistry
38:38 Husbandry
38:49 Bloodlines
40:14 Plate Barding Armor
无归
9:24 Loom
13:36 Feudal Age
14:20 Man-at-Arms
14:46 Arson
16:41 Forging
25:13 Castle Age
24:17 Scale Barding Armor
23:58 Domestication
24:05 Double-Bit Axe
29:07 Bow Saw
29:00 Pastoralism
38:41 Imperial Age
36:12 Gold Mining
37:55 Iron Casting
天下第一假分哥
0:27 Loom
12:50 Feudal Age
13:29 Horse Collar
13:35 Double-Bit Axe
14:53 Gold Mining
21:29 Castle Age
18:55 Man-at-Arms
19:20 Arson
20:46 Forging
20:37 Scale Mail Armor
21:56 Long Swordsman
22:53 Chain Mail Armor
22:49 Two-Handed Swordsman
25:48 Iron Casting
25:28 Pikeman
31:41 Heavy Plow
38:16 Wheelbarrow
Connection lost

Rejoining the realm…

Still unreachable

The connection could not be restored.

Session expired

The server has moved on; the page needs a fresh start.